[Event "Early-Titled-Tuesday-Blitz-May-28-2024"]
[Site "Chess.com"]
[Date "2024.05.28"]
[Round "3"]
[White "banane_verte"]
[Black "lamomiajunior"]
[Result "0-1"]
[WhiteElo "2502"]
[BlackElo "2740"]
[TimeControl "180+1"]
[EndTime "8:27:57 PDT"]
[Termination "lamomiajunior won on time"]

1. e4 c5 2. Nf3 d6 3. Bb5+ Nd7 4. O-O a6 5. Bd3 Ngf6 6. Re1 e6 7. c3 b5 8. Bc2 Bb7 9. d4 Be7 10. Nbd2 Qc7 11. a4 O-O 12. b3 Rfc8 13. Bb1 b4 14. Bb2 bxc3 15. Bxc3 cxd4 16. Bxd4 Ne5 17. Bxe5 dxe5 18. Nc4 Rd8 19. Qe2 Bc5 20. Nfxe5 Bd4 21. Nxf7 Qxf7 22. Ra2 e5 23. Bd3 Rac8 24. Na5 Kh8 25.
Nxb7 Qxb7 26. Bxa6 Qxb3 27. Bxc8 Rxc8 28. Qa6 Rf8 29.
Rae2 h6 30. Qb5 Qa3 31. h3 Nh5 32. a5 Nf4 33. a6 Nxe2+ 34. Rxe2 Ra8 35. Kh2 Qxa6 36.
Qxa6 Rxa6 37. g3 Kg8 38. f4 Ra3 39. Kg2 Rb3 40. Rd2 Rb2 41. Rxb2 Bxb2 42. Kf3 Kf7 43. h4 Kf6 44. g4 exf4 45. Kxf4 Be5+ 46. Kf3 g5 47. h5 Bf4 48. Ke2 Ke5 49. Kf3 Kd4 50. e5 Bxe5 51. Kg2 Ke4 52. Kh3 Kf4 53. Kg2 Kxg4 0-1

[Event "Early-Titled-Tuesday-Blitz-May-28-2024"]
[Site "Chess.com"]
[Date "2024.05.28"]
[Round "3"]
[White "Thunderbolt135"]
[Black "Kunalm64"]
[Result "0-1"]
[WhiteElo "2869"]
[BlackElo "2658"]
[TimeControl "180+1"]
[EndTime "8:27:59 PDT"]
[Termination "Kunalm64 won by resignation"]

1. Nf3 Nf6 2. d4 d5 3. c4 e6 4.
e3 c5 5. Nc3 Nc6 6. cxd5 exd5 7. Bb5 cxd4 8. Nxd4 Bd7 9. O-O Be7 10. b3 O-O 11. Bb2 Rc8 12. Rc1 Re8 13. Nce2 Ne4 14. Bxc6 bxc6 15. Ng3 Nxg3 16. hxg3 c5 17. Ne2 Bb5 18.
Re1 Qa5 19. Nf4 Qxa2 20. Qc2 c4 21.
Nxd5 Bf8 22. Qc3 Qxb3 23. Nf6+ gxf6 24. Qxf6 c3 25. Bxc3 Rxc3 26. Rxc3 Qe6 27. Qg5+ Bg7 28. Rc7 a6 29. Rec1 Qg6 30. Qf4 Be5 31. Rc8 Bxf4 32. Rxe8+ Bxe8 0-1

[Event "Early-Titled-Tuesday-Blitz-May-28-2024"]
[Site "Chess.com"]
[Date "2024.05.28"]
[Round "3"]
[White "Chernov_Mikhail"]
[Black "KubaGepard"]
[Result "0-1"]
[WhiteElo "2323"]
[BlackElo "2575"]
[TimeControl "180+1"]
[EndTime "8:28:01 PDT"]
[Termination "KubaGepard won on time"]

1. e4 e5 2. Nf3 Nc6 3. Bc4 Bc5 4. c3 Nf6 5. d3 a6 6. a4 O-O 7. O-O h6 8. Nbd2 Ba7 9. h3 d6 10. Re1 Be6 11. Bxe6 fxe6 12. Qb3 Qd7 13. Nf1 Nh5 14. Be3 Bxe3 15. Nxe3 Nf4 16. d4 Nxh3+ 17. Kf1 exd4 18. Nf5 Kh7 19. gxh3 exf5 20. Nxd4 fxe4 21. Re3 Nxd4 22. cxd4 d5 23. Rc1 c6 24. Rg3 Rf7 25. Qe3 Raf8 26. Rg2 Rf3 27. Qe2 Qxh3 28. Rc2 Qh1+ 29. Rg1 Rxf2+ 30. Qxf2 Rxf2+ 31. Rxf2 Qh3+ 32. Rfg2 Qd3+ 33. Ke1 Qb1+ 34. Kf2 Qxb2+ 35. Kg3 Qxd4 36. Kf4 e3+ 37. Kf3 Qe4+ 38. Ke2 g5 39. Rg4 Qe6 40. R1g3 c5 41.
a5 d4 42. Kd3 e2 43. Re4 Qxe4+ 44. Kxe4 e1=Q+ 45. Kd5 Qxg3 0-1

[Event "Early-Titled-Tuesday-Blitz-May-28-2024"]
[Site "Chess.com"]
[Date "2024.05.28"]
[Round "3"]
[White "Rdeux42"]
[Black "CrushingKings"]
[Result "0-1"]
[WhiteElo "2403"]
[BlackElo "2607"]
[TimeControl "180+1"]
[EndTime "8:28:02 PDT"]
[Termination "CrushingKings won by checkmate"]

1. e4 g6 2. d4 Bg7 3. Nc3 c6 4.
h3 d5 5. e5 f6 6. f4 Nh6 7. g4 Nf7 8. Be3 fxe5 9. dxe5 g5 10. Nf3 gxf4 11. Bxf4 Qb6 12. Qd2 Qxb2 13. Rb1 Qa3 14.
Bd3 O-O 15. O-O Nd7 16. Rb3 Qc5+ 17. Be3 Qa5 18. e6 Nfe5 19. exd7 Nxf3+ 20. Rxf3 Rxf3 21. Bb6 axb6 22. d8=Q+ Kf7 23. Qe2 Qc5+ 24. Kg2 Bxg4 25.
Qxa8 Rg3+ 26. Kxg3 Qg1+ 27. Qg2 Be5+ 28. Kxg4 Qxg2+ 29. Kf5 Qf3+ 30. Kxe5 Qf6# 0-1

[Event "Early-Titled-Tuesday-Blitz-May-28-2024"]
[Site "Chess.com"]
[Date "2024.05.28"]
[Round "3"]
[White "Goryachkina"]
[Black "Rsnr"]
[Result "0-1"]
[WhiteElo "2687"]
[BlackElo "2911"]
[TimeControl "180+1"]
[EndTime "8:28:03 PDT"]
[Termination "Rsnr won on time"]

1. e4 c6 2. d4 d5 3. exd5 cxd5 4. Bd3 Nc6 5. c3 Qc7 6. Ne2 Bg4 7. O-O e6 8. h3 Bh5 9. Qe1 Nf6 10. Bf4 Bd6 11.
Bxd6 Qxd6 12. Na3 Bg6 13. Rd1 Bxd3 14. Rxd3 O-O 15. Nc2 b5 16. Ne3 Rfc8 17. Ng4 Nd7 18.
Rg3 b4 19. Qd2 bxc3 20. bxc3 Ne7 21. Qg5 Ng6 22. h4 f6 23. Qh5 Rab8 24. Ne3 Rb2 25. Re1 Rxa2 26. Qg4 f5 27. Nxf5 exf5 28. Qxf5 Rf8 29.
Qg4 Nf6 0-1

[Event "Early-Titled-Tuesday-Blitz-May-28-2024"]
[Site "Chess.com"]
[Date "2024.05.28"]
[Round "3"]
[White "LeoLV10"]
[Black "jamengrand"]
[Result "1-0"]
[WhiteElo "2574"]
[BlackElo "2321"]
[TimeControl "180+1"]
[EndTime "8:28:04 PDT"]
[Termination "LeoLV10 won on time"]

1. e4 Nc6 2. d4 d5 3. e5 a6 4. c3 Bf5 5. Nf3 f6 6. Bf4 g5 7.
Bg3 h5 8. h3 Qd7 9. Bd3 O-O-O 10. b4 Na7 11. a4 Bg7 12. Qe2 Bxd3 13. Qxd3 g4 14. hxg4 hxg4 15. Rxh8 Bxh8 16. Nh4 fxe5 17. dxe5 Nc6 18. Ng6 Bg7 19. b5 axb5 20. axb5 Nb8 21. Nd2 Nh6 22. Nb3 Nf5 23. Qxf5 e6 24. Qd3 Qf7 25.
Nd4 Bh6 26. Ra8 Rg8 27. Nh4 Bg5 28. Nc6 bxc6 29. bxc6 Kd8 30. Qb5 Ke7 31. Qb4+ Ke8 32. Rxb8+ Bd8 33. Qf4 Qxf4 34. Bxf4 Kf7 35. g3 1-0

[Event "Early-Titled-Tuesday-Blitz-May-28-2024"]
[Site "Chess.com"]
[Date "2024.05.28"]
[Round "3"]
[White "kingofthenil"]
[Black "GianmarcoVaR"]
[Result "1-0"]
[WhiteElo "2945"]
[BlackElo "2721"]
[TimeControl "180+1"]
[EndTime "8:28:05 PDT"]
[Termination "kingofthenil won by resignation"]

1. Nf3 Nf6 2. e3 g6 3. b4 Bg7 4. Bb2 O-O 5. c4 d6 6. d4 e5 7. dxe5 Nfd7 8. Nc3 dxe5 9. Qb3 f5 10. c5+ Kh8 11.
h4 c6 12. Ng5 Qe7 13. Bc4 Bf6 14. Nf7+ Kg7 15. h5 Rxf7 16. hxg6 hxg6 17. Bxf7 a5 18. Bxg6 Nf8 19. Bh5 axb4 20. Na4 Na6 21. Be2 Nxc5 22. Nxc5 Qxc5 23. Rc1 Qa5 24. Bc4 Qa4 25. Qd3 b5 26.
Bb3 Qa6 27. Qd6 c5 28. Qxc5 Be6 29. Bxe5 Rc8 30. Qe7+ 1-0

[Event "Early-Titled-Tuesday-Blitz-May-28-2024"]
[Site "Chess.com"]
[Date "2024.05.28"]
[Round "3"]
[White "Mikasinski"]
[Black "Lady_Nika"]
[Result "0-1"]
[WhiteElo "2697"]
[BlackElo "2509"]
[TimeControl "180+1"]
[EndTime "8:28:08 PDT"]
[Termination "Lady_Nika won on time"]

1. e4 c5 2. Nf3 e6 3. d4 cxd4 4.
Nxd4 a6 5. Nc3 Nc6 6. Be2 Qc7 7.
O-O Nf6 8. Be3 Be7 9. f4 d6 10. Kh1 Bd7 11. Qe1 Nxd4 12. Bxd4 e5 13. fxe5 dxe5 14.
Qg3 Bd6 15. Rxf6 gxf6 16. Nd5 Qa5 17. Bc3 Qd8 18. Qg7 Rf8 19. Nxf6+ Ke7 20. Nd5+ Ke8 21.
Bxe5 Be6 22. Bf6 Qa5 23. Bc3 Qd8 24. Nf6+ Ke7 25. Qg5 Rc8 26. Rd1 h6 27. Qh4 Rxc3 28.
bxc3 Qa5 0-1

[Event "Early-Titled-Tuesday-Blitz-May-28-2024"]
[Site "Chess.com"]
[Date "2024.05.28"]
[Round "3"]
[White "FoggyMorning"]
[Black "db-banana"]
[Result "1-0"]
[WhiteElo "2651"]
[BlackElo "2478"]
[TimeControl "180+1"]
[EndTime "8:28:10 PDT"]
[Termination "FoggyMorning won by checkmate"]

1. e4 Nf6 2. e5 Nd5 3. d4 d6 4. Nf3 dxe5 5. Nxe5 g6 6. c4 Nb6 7. Nc3 Bg7 8. Nf3 O-O 9. c5 Nd5 10. Bc4 Be6 11. Qb3 Nxc3 12. Bxe6 fxe6 13. Qxe6+ Kh8 14.
bxc3 Qc8 15. Ng5 h6 16. Qxc8 Rxc8 17. Ne6 Nc6 18. Bf4 Rg8 19. Nxc7 Rad8 20. Ne6 Rd5 21. Rb1 b6 22. cxb6 axb6 23. Rxb6 Na5 24. Nxg7 Kxg7 25. O-O g5 26. Bg3 Rc8 27. Rc1 Nc4 28. Rb7 Kf6 29. h4 e6 30. Re1 Rc6 31. h5 g4 32. Bh4+ Rg5 33. Rh7 Kf5 34. Rf7# 1-0

[Event "Early-Titled-Tuesday-Blitz-May-28-2024"]
[Site "Chess.com"]
[Date "2024.05.28"]
[Round "3"]
[White "elcala"]
[Black "BashirliSaadat"]
[Result "0-1"]
[WhiteElo "2005"]
[BlackElo "2371"]
[TimeControl "180+1"]
[EndTime "8:28:10 PDT"]
[Termination "BashirliSaadat won on time"]

1. d4 Nf6 2. c4 g6 3. Nc3 Bg7 4.
Nf3 d6 5. e3 O-O 6. Be2 c5 7.
O-O Nc6 8. d5 Ne5 9. Nxe5 dxe5 10. e4 Rb8 11. Bg5 Nd7 12. Bg4 h6 13. Bh4 g5 14.
Bg3 Nb6 15. Bxc8 Qxc8 16. Qe2 Qd7 17. b3 Rbc8 18. Rfd1 f5 19. exf5 Rxf5 20. Re1 Rcf8 21. f3 e4 22. Nxe4 Bxa1 23. Rxa1 Qc8 24. Nc3 R8f7 25. Re1 Nd7 26. Qe6 Rf6 27. Qe3 b6 28. Ne4 Rf5 29. Bf2 Nf8 30. Ng3 R5f6 31. Nh5 Rg6 32.
Qe4 Qf5 33. Qe2 g4 34. Ng3 gxf3 0-1

[Event "Early-Titled-Tuesday-Blitz-May-28-2024"]
[Site "Chess.com"]
[Date "2024.05.28"]
[Round "3"]
[White "pfalcon1949"]
[Black "GambitGiesbergen"]
[Result "0-1"]
[WhiteElo "1914"]
[BlackElo "2349"]
[TimeControl "180+1"]
[EndTime "8:28:10 PDT"]
[Termination "GambitGiesbergen won on time"]

1. e4 e6 2. d4 d5 3. Nc3 Nf6 4. e5 Nfd7 5. f4 c5 6. Nf3 Nc6 7. Be3 h6 8. Qd2 g5 9. O-O-O gxf4 10. Bxf4 cxd4 11. Nxd4 Nxd4 12. Qxd4 Bc5 13. Qa4 Qb6 14. Bb5 a6 15. Bd3 Bd4 16. Ne2 Bxb2+ 17. Kd2 Ke7 18. Rb1 Nc5 19. Qa3 Bxa3 20. Rxb6 Nd7 21. Rb3 Bc5 22. a4 Ba7 23. Rhb1 Nc5 24. Rb4 Bd7 25. Nd4 a5 26. R4b2 Nxa4 27. Rxb7 Bxd4 28.
Bb5 Nc5 29. Bxd7 Nxd7 30. Bg3 Rhb8 31. Bh4+ Ke8 32. g3 a4 33. Bf6 a3 34. c3 a2 35. Ra1 Rxb7 36. cxd4 Rb1 0-1

[Event "Early-Titled-Tuesday-Blitz-May-28-2024"]
[Site "Chess.com"]
[Date "2024.05.28"]
[Round "3"]
[White "Masterisback04"]
[Black "JG-17"]
[Result "0-1"]
[WhiteElo "2117"]
[BlackElo "2550"]
[TimeControl "180+1"]
[EndTime "8:28:12 PDT"]
[Termination "JG-17 won on time"]

1. e4 c5 2. d4 cxd4 3. c3 g6 4.
cxd4 Bg7 5. Nc3 d6 6. Nf3 Nc6 7.
d5 Ne5 8. Nd4 Nf6 9. Be2 O-O 10.
O-O a6 11. f4 Ned7 12. Be3 Nc5 13. Bf3 Bd7 14. e5 Ne8 15. e6 fxe6 16. dxe6 Nxe6 17.
Bxb7 Rb8 18. Bd5 Nc7 19. Nxe6 Bxe6 20. Bxe6+ Nxe6 21. Qd5 Qd7 22. Rf2 Rf5 23. Qd2 Rbf8 24. g3 Kh8 25. Re1 Qc6 26. Nd5 Qxd5 27. Qe2 Nd4 28.
Qd1 e5 29. Bxd4 Qxd4 30. Qb3 exf4 31. g4 Re5 32. Rd1 Qe3 33. Qb7 f3 34. Qxa6 Re4 35. h3 Rd4 36. Rf1 Rd2 0-1

[Event "Early-Titled-Tuesday-Blitz-May-28-2024"]
[Site "Chess.com"]
[Date "2024.05.28"]
[Round "3"]
[White "Mesa_1"]
[Black "ab-lsv"]
[Result "0-1"]
[WhiteElo "2579"]
[BlackElo "2340"]
[TimeControl "180+1"]
[EndTime "8:28:12 PDT"]
[Termination "ab-lsv won by resignation"]

1. d4 d5 2. c4 c6 3. Nf3 Nf6 4. g3 Bf5 5. Nc3 e6 6. Nh4 Be4 7. f3 Bg6 8. Qb3 Qb6 9. c5 Qc7 10. Bf4 Qc8 11. e4 Be7 12. e5 Nfd7 13. Nxg6 hxg6 14.
Bd3 b6 15. cxb6 axb6 16. O-O c5 17. dxc5 bxc5 18. Qc2 g5 19. Bd2 Nxe5 20. Bb5+ Ned7 21.
Rae1 Nc6 22. f4 Nd4 23. Qd3 g4 24. a4 Kf8 25. Kg2 Nf3 26. Rxf3 gxf3+ 27. Qxf3 Nf6 28. f5 exf5 29. Nxd5 Nxd5 30. Qxd5 f4 31. Bxf4 Qh3+ 32. Kf2 Qxh2+ 33. Ke3 Rd8 34. Qc4 g5 35. Be5 f6 36.
Re2 Qg1+ 37. Rf2 Rh2 38. Qe6 Qxf2+ 39. Ke4 Qe2+ 40. Kf5 Qxe5+ 0-1

[Event "Early-Titled-Tuesday-Blitz-May-28-2024"]
[Site "Chess.com"]
[Date "2024.05.28"]
[Round "3"]
[White "ubdip"]
[Black "Maluco_do_Natal_00"]
[Result "1-0"]
[WhiteElo "2450"]
[BlackElo "2042"]
[TimeControl "180+1"]
[EndTime "8:28:13 PDT"]
[Termination "ubdip won on time"]

1. c4 c5 2. Nc3 Nf6 3. Nf3 Nc6 4. e3 g6 5. d4 cxd4 6. Nxd4 d5 7. cxd5 Nxd5 8. Nxc6 bxc6 9. Bd2 Bg7 10. Rc1 O-O 11. Be2 Rb8 12. b3 Nb4 13. O-O e5 14. Ne4 Qd5 15.
Nc3 Qe6 16. a3 Nd5 17. Bc4 Nxc3 18. Bxc3 Qe7 19. Bb4 c5 20. Bxc5 Qg5 21. Bxf8 Bxf8 22. Qf3 Rb7 23. Bd5 Bg4 24. Qg3 Rd7 25. h4 Qf6 26. e4 1-0

[Event "Early-Titled-Tuesday-Blitz-May-28-2024"]
[Site "Chess.com"]
[Date "2024.05.28"]
[Round "3"]
[White "dozer80"]
[Black "GM_Huschenbeth"]
[Result "1-0"]
[WhiteElo "2711"]
[BlackElo "2489"]
[TimeControl "180+1"]
[EndTime "8:28:14 PDT"]
[Termination "dozer80 won by resignation"]

1. e4 c5 2. Nc3 a6 3. a4 e6 4.
Nf3 Nc6 5. g3 g6 6. Bg2 Bg7 7. O-O Nge7 8. d3 O-O 9. Re1 d5 10.
Bf4 e5 11. Bg5 d4 12. Nd5 f6 13. Bd2 Be6 14. Nxe7+ Qxe7 15. a5 c4 16. dxc4 Bxc4 17. Bf1 Be6 18. c3 Rfd8 19. cxd4 Nxd4 20. Nxd4 Rxd4 21.
Qe2 Rad8 22. Bc3 R4d7 23. Red1 Bf8 24. Rxd7 Qxd7 25. Qf3 Kg7 26. Qe3 Qc6 27. Rc1 Bc5 28. Qe1 Qd6 29. Be2 Bb3 30. Kg2 Ba7 31. h4 h5 32. Bb4 Qd7 33. Qc3 Ba4 34. Qc7 Bc6 35.
Qxd7+ Rxd7 36. f3 Be3 37. Rc2 Ba4 38. Rc8 Bd2 39. Bf8+ Kf7 40. Bc4+ 1-0

[Event "Early-Titled-Tuesday-Blitz-May-28-2024"]
[Site "Chess.com"]
[Date "2024.05.28"]
[Round "3"]
[White "Viktor_Poddubnyi"]
[Black "manmanlai1"]
[Result "0-1"]
[WhiteElo "2296"]
[BlackElo "2567"]
[TimeControl "180+1"]
[EndTime "8:28:14 PDT"]
[Termination "manmanlai1 won on time"]

1. e4 c5 2. Nf3 e6 3. c3 d5 4.
exd5 exd5 5. d4 Nc6 6. Bb5 Nf6 7. O-O Be7 8. dxc5 Bxc5 9. Bg5 Be6 10. Nd4 O-O 11.
Bxc6 bxc6 12. Nxc6 Qd6 13. Bxf6 Qxc6 14. Bd4 Rab8 15.
b3 Rfc8 16. Nd2 a5 17. Nf3 Ba3 18. Qd2 f6 19. Rfe1 Bg4 20. Qf4 Bh5 21. Re3 a4 22. b4 Re8 23. Rae1 Rbc8 24. Nh4 Rxe3 25. Qxe3 Bg6 26. Nxg6 hxg6 27. g3 Bb2 28. Rb1 a3 29. h4 Qc4 30. Qe6+ Kh7 0-1

[Event "Early-Titled-Tuesday-Blitz-May-28-2024"]
[Site "Chess.com"]
[Date "2024.05.28"]
[Round "3"]
[White "NikitaShnadrygin"]
[Black "NiranjanNavalgund"]
[Result "0-1"]
[WhiteElo "2803"]
[BlackElo "2459"]
[TimeControl "180+1"]
[EndTime "8:28:16 PDT"]
[Termination "NiranjanNavalgund won by resignation"]

1. e4 e5 2. Nc3 Nf6 3. f4 d5 4. fxe5 Nxe4 5. Qf3 f5 6. d3 Nxc3 7. bxc3 d4 8. Be2 Nc6 9. Qg3 Be6 10. Nf3 dxc3 11.
Be3 Qd7 12. O-O O-O-O 13. a3 Kb8 14. Rfb1 Ka8 15. Qf4 h6 16. h4 Ne7 17. Qd4 Qxd4 18. Nxd4 Bc8 19. Nb5 Nd5 20. Bf2 a6 21. Nd4 c5 22. Nb3 b6 23. a4 a5 24. d4 cxd4 25.
Nxd4 Bc5 26. Bf3 Bb7 27. Ne6 Bxf2+ 28. Kxf2 Rd7 29. Rd1 Ka7 30. Rd3 Re7 31. Nc5 bxc5 32. Bxd5 Rd8 33. Bxb7 Rxd3 34. cxd3 Kxb7 35. Re1 c2 36. Rc1 Rxe5 37. Rxc2 Rd5 38. Ke3 Kc6 39. Rc4 g5 40. hxg5 hxg5 41. g3 Re5+ 42. Kd2 Kd5 43. Rc1 Re6 44. Rb1 Rh6 45. Rf1 Rf6 46. Kc3 f4 47.
gxf4 Rxf4 48. Rf3 Rxf3 0-1

[Event "Early-Titled-Tuesday-Blitz-May-28-2024"]
[Site "Chess.com"]
[Date "2024.05.28"]
[Round "3"]
[White "PapiPapita"]
[Black "The_Machine04"]
[Result "1-0"]
[WhiteElo "2471"]
[BlackElo "2806"]
[TimeControl "180+1"]
[EndTime "8:28:17 PDT"]
[Termination "PapiPapita won by checkmate"]

1. c4 d6 2. g3 e5 3. Bg2 f5 4. Nc3 Nf6 5. d3 c6 6. e4 Be7 7. Nge2 O-O 8. O-O Be6 9. exf5 Bxf5 10. h3 d5 11. d4 e4 12. Qb3 Qb6 13. cxd5 Qxb3 14.
axb3 cxd5 15. Nf4 Rd8 16. g4 Bg6 17. g5 Nh5 18. Nfxd5 Bd6 19. Nb6 Nc6 20. Nxa8 Rxa8 21. Nxe4 Bxe4 22. Bxe4 Nxd4 23. Bxb7 Rb8 24. Rxa7 Kf8 25.
Ra8 Nxb3 26. Rxb8+ Bxb8 27. Be3 Be5 28. Bd5 Nd4 29. f4 Ne2+ 30. Kf2 Nexf4 31. Bxf4 Nxf4 32. Ke3 Ke7 33. Rxf4 Bxf4+ 34. Kxf4 Kd6 35. Bg8 h6 36. gxh6 gxh6 37. Kf5 Kc5 38. Kg6 Kd4 39. Kxh6 Kd3 40. Kg6 Kc2 41. h4 Kxb2 42. h5 Kc3 43. h6 Kd4 44. h7 Ke5 45. h8=Q+ Kd6 46. Qg7 Kc5 47. Qf7 Kb6 48. Qd5 Ka6 49. Qb3 Ka7 50. Qb5 Ka8 51. Bd5+ Ka7 52. Qb7# 1-0

[Event "Early-Titled-Tuesday-Blitz-May-28-2024"]
[Site "Chess.com"]
[Date "2024.05.28"]
[Round "3"]
[White "Mackster23"]
[Black "MVM2008"]
[Result "1-0"]
[WhiteElo "2683"]
[BlackElo "2486"]
[TimeControl "180+1"]
[EndTime "8:28:18 PDT"]
[Termination "Mackster23 won by checkmate"]

1. e4 e5 2. Nf3 Nf6 3. d4 Nxe4 4. Bd3 d5 5. Nxe5 Nc6 6. Nc3 Bd6 7. Nxc6 bxc6 8.
Nxe4 dxe4 9. Bxe4 O-O 10. Bxc6 Ba6 11. Bxa8 Re8+ 12. Be3 Qxa8 13. Qd2 Qd5 14. a3 Rb8 15. Qc3 c5 16. O-O-O Qa2 17. dxc5 Be7 18. f4 Bf6 19. Bd4 Rd8 20. b4 Bxd4 21. Rxd4 Rxd4 22. Qxd4 Qxa3+ 23.
Kb1 g6 24. Re1 Kf8 25. Qh8# 1-0

[Event "Early-Titled-Tuesday-Blitz-May-28-2024"]
[Site "Chess.com"]
[Date "2024.05.28"]
[Round "3"]
[White "igorkovalenko"]
[Black "WindWhistler11"]
[Result "1/2-1/2"]
[WhiteElo "2899"]
[BlackElo "2537"]
[TimeControl "180+1"]
[EndTime "8:28:19 PDT"]
[Termination "Game drawn by repetition"]

1. e4 e6 2. d4 d5 3. Nc3 Bb4 4. e5 Ne7 5. Ne2 Nbc6 6. a3 Ba5 7. b4 Bb6 8. f4 Nf5 9. Na4 Bxd4 10. Nxd4 Ncxd4 11. g3 Qd7 12. Nc5 Qe7 13. c3 Nc6 14. Bd3 g6 15. O-O b6 16. Nb3 Bd7 17. a4 a6 18. Qe2 Nb8 19. g4 Ng7 20. Be3 h5 21. g5 Nf5 22. Bxf5 gxf5 23. Qf2 Kf8 24. a5 Kg7 25.
axb6 cxb6 26. Bxb6 Bb5 27. Rfc1 Nd7 28. Bd4 Nf8 29. Bc5 Qc7 30. Bxf8+ Rhxf8 31. Qd4 Rfc8 32. Ra5 Qc4 33. Qxc4 Rxc4 34. Nd4 Rac8 35. Ne2 R4c7 36. Rc2 Bxe2 37. Rxe2 Rxc3 38. Rxa6 R8c4 39. Rb2 Rxf4 40. b5 Rg4+ 41. Kf2 Rf4+ 42. Kg2 h4 43. h3 Rff3 44.
Kh2 Rxh3+ 45. Kg1 Rhg3+ 46. Kh2 Rh3+ 47. Kg1 Rhg3+ 48. Kh2 Rh3+ 1/2-1/2

[Event "Early-Titled-Tuesday-Blitz-May-28-2024"]
[Site "Chess.com"]
[Date "2024.05.28"]
[Round "3"]
[White "NowInChess"]
[Black "PabloZarnicki"]
[Result "1-0"]
[WhiteElo "2246"]
[BlackElo "2542"]
[TimeControl "180+1"]
[EndTime "8:28:19 PDT"]
[Termination "NowInChess won by checkmate"]

1. e4 d6 2. d3 Nf6 3. g3 c5 4. Bg2 Nc6 5. f4 g6 6. Nf3 Bg7 7. O-O O-O 8. h3 Rb8 9. Nh4 e6 10. a4 Bd7 11. Nc3 Nd4 12. Ne2 Nxe2+ 13. Qxe2 Bc6 14.
f5 exf5 15. exf5 Re8 16. Qf2 Ng4 17. Qf4 Bd4+ 18. Kh1 Bxg2+ 19. Nxg2 Nf6 20. fxg6 fxg6 21. g4 Qd7 22. c3 Rf8 23. Qg5 Be5 24. Bf4 Qc6 25.
Bxe5 dxe5 26. Rae1 Nd7 27. Kg1 Rf3 28. Rxf3 Qxf3 29. Qe3 Rf8 30. Qxf3 Rxf3 31. Re3 Rf4 32. Nxf4 exf4 33. Re7 Nb6 34. a5 Nd5 35. Rxb7 a6 36. Ra7 f3 37. Rxa6 Nf4 38. Ra8+ Kg7 39. a6 Nxd3 40. a7 f2+ 41. Kf1 Kh6 42. Rd8 Ne5 43. a8=Q Kg5 44. Qe4 Nf3 45. Qe3+ Kh4 46. Qxf3 g5 47.
Qxf2+ Kxh3 48. Rd7 h5 49. Rh7 h4 50. Rh5 c4 51.
Rxh4+ gxh4 52. Qg2# 1-0

[Event "Early-Titled-Tuesday-Blitz-May-28-2024"]
[Site "Chess.com"]
[Date "2024.05.28"]
[Round "3"]
[White "Cayse"]
[Black "BogdanDeac"]
[Result "0-1"]
[WhiteElo "2793"]
[BlackElo "3130"]
[TimeControl "180+1"]
[EndTime "8:28:20 PDT"]
[Termination "BogdanDeac won on time"]

1. e4 c6 2. Nf3 d5 3. d3 Nd7 4.
e5 Nb6 5. d4 Bg4 6. Be2 e6 7.
Nbd2 Ne7 8. O-O Qc7 9. Nb3 a5 10. a4 Nd7 11. Bd2 b6 12. Rc1 h6 13.
h3 Bf5 14. c4 dxc4 15. Bxc4 Qb7 16. Nh4 Bh7 17. f4 g6 18. Qe2 Nd5 19. Bxd5 cxd5 20.
Qb5 Rb8 21. Rc6 Be7 22. Rfc1 Bd8 23. Nf3 O-O 24. Rd6 Nf6 25. exf6 Bxf6 26. Rd7 Qa8 27.
Rcc7 Rbc8 28. Ra7 Qc6 29. Qxc6 Rxc6 30. Rdc7 Rc4 0-1

[Event "Early-Titled-Tuesday-Blitz-May-28-2024"]
[Site "Chess.com"]
[Date "2024.05.28"]
[Round "3"]
[White "Muracle"]
[Black "alexrustemov"]
[Result "1-0"]
[WhiteElo "2579"]
[BlackElo "2822"]
[TimeControl "180+1"]
[EndTime "8:28:20 PDT"]
[Termination "Muracle won by resignation"]

1. d4 d5 2. Nf3 Nf6 3. g3 c6 4.
Bg2 Bf5 5. O-O e6 6. c4 Be7 7.
Qb3 Qb6 8. c5 Qxb3 9. axb3 Nbd7 10. Nc3 a6 11. b4 O-O-O 12. h3 h6 13. g4 Bh7 14. Bf4 Ne4 15. Rfc1 Nxc3 16. Rxc3 Nb8 17. Ne5 Rhf8 18. b5 f6 19. bxa6 Nxa6 20. Nxc6 bxc6 21. Rxa6 Kd7 22. Rb3 Ke8 23. Rxc6 Kf7 24. Rb7 Rfe8 25. Rcc7 Kf8 26. Bd6 Bxd6 27. Rf7+ Kg8 28. Rxg7+ Kh8 29.
Rxh7+ Kg8 30. Rbg7+ Kf8 31. cxd6 Rxd6 32. Rg6 Re7 33.
Rxf6+ Ke8 34. Rxe7+ Kxe7 35. Rxh6 Rb6 36. Bxd5 Rxb2 37.
Rxe6+ Kd7 38. Re3 Kd6 39. Bf3 Rb4 40. d5 1-0

[Event "Early-Titled-Tuesday-Blitz-May-28-2024"]
[Site "Chess.com"]
[Date "2024.05.28"]
[Round "3"]
[White "chrisclaireredfield"]
[Black "ilya2700"]
[Result "1-0"]
[WhiteElo "2555"]
[BlackElo "2193"]
[TimeControl "180+1"]
[EndTime "8:28:22 PDT"]
[Termination "chrisclaireredfield won by checkmate"]

1. Nf3 Nf6 2. g3 e6 3. Bg2 d5 4. O-O Be7 5. d4 O-O 6. c4 b6 7. Nc3 Bb7 8. cxd5 exd5 9. Ne5 Nbd7 10. Bf4 c5 11. e3 cxd4 12. Qxd4 Nc5 13. Rfd1 Ne6 14.
Qa4 Nxf4 15. gxf4 a6 16. Nc6 Bxc6 17. Qxc6 Rc8 18. Qb7 Qc7 19. Qxa6 Bc5 20. Nxd5 Nxd5 21. Rxd5 Rcd8 22. Rad1 g6 23. Qd3 Be7 24. Rd7 Qc5 25. Qb3 Rxd7 26. Rxd7 Bf6 27. Bd5 Qc1+ 28. Kg2 Qc8 29.
Bxf7+ Kh8 30. Be6 Qc6+ 31. Qd5 Qc1 32. b3 Bg7 33. Rd8 Qa3 34. Rxf8+ Qxf8 35. Qd7 Qa8+ 36.
Bd5 Qb8 37. Qe6 Qf8 38. a4 h6 39. Qxg6 Qb4 40. Qe8+ Bf8 41. Qf7 Bg7 42. Qg8# 1-0

[Event "Early-Titled-Tuesday-Blitz-May-28-2024"]
[Site "Chess.com"]
[Date "2024.05.28"]
[Round "3"]
[White "Likvidator228"]
[Black "KnightmareJoker"]
[Result "1-0"]
[WhiteElo "2524"]
[BlackElo "2298"]
[TimeControl "180+1"]
[EndTime "8:28:22 PDT"]
[Termination "Likvidator228 won by resignation"]

1. d4 Nf6 2. h3 d5 3. Nf3 c5 4.
e3 Nc6 5. c3 Bf5 6. Nbd2 e6 7.
dxc5 Bxc5 8. b4 Bd6 9. Bb2 O-O 10.
a3 a5 11. b5 Ne5 12. c4 Nd3+ 13. Bxd3 Bxd3 14. Qb3 dxc4 15. Nxc4 Bxc4 16. Qxc4 Rc8 17. Qb3 Nd5 18. O-O Be7 19. Rfd1 Qe8 20. e4 Nf6 21. Re1 b6 22. Rad1 Nd7 23. Nd4 Nc5 24. Qg3 Bf6 25.
e5 Be7 26. Nc6 Rxc6 27. bxc6 Qxc6 28. Bd4 h6 29. Bxc5 Bxc5 30. Kh2 Qa4 31. Rd3 Qc2 32.
Rf3 Qd2 33. Re4 Rd8 34. Rg4 g6 35. Rxg6+ Kh8 36. Rxf7 Re8 37. Rgg7 Qc2 38. Qf4 Be3 39. Qxe3 1-0

[Event "Early-Titled-Tuesday-Blitz-May-28-2024"]
[Site "Chess.com"]
[Date "2024.05.28"]
[Round "3"]
[White "Pintacara"]
[Black "patzer-reloaded"]
[Result "1-0"]
[WhiteElo "2647"]
[BlackElo "2470"]
[TimeControl "180+1"]
[EndTime "8:28:23 PDT"]
[Termination "Pintacara won on time"]

1. d4 Nf6 2. c4 e6 3. Nf3 d5 4. Nc3 Bb4 5. cxd5 exd5 6. Bf4 O-O 7. e3 Bf5 8. Qb3 c5 9. dxc5 Nc6 10. Bb5 Qa5 11. O-O Bxc3 12. bxc3 Rfd8 13. Nd4 Bd7 14.
a4 Ne4 15. Rfc1 Nxc5 16. Qxd5 Nxd4 17. cxd4 Nd3 18. Bc7 Bxb5 19. Qxd8+ Rxd8 20. Bxa5 b6 21. axb5 Nxc1 22. Bxb6 axb6 23. Rxc1 g6 24. Rc6 Ra8 25. g3 Ra1+ 26. Kg2 Kg7 27. Rxb6 Rb1 28. d5 h5 29. d6 Kf6 30. Rb7 Ke6 31. b6 Rd1 32. Re7+ Kf6 33. b7 Rb1 34. e4 1-0

[Event "Early-Titled-Tuesday-Blitz-May-28-2024"]
[Site "Chess.com"]
[Date "2024.05.28"]
[Round "3"]
[White "ckgchess"]
[Black "RuperezA"]
[Result "0-1"]
[WhiteElo "2890"]
[BlackElo "2686"]
[TimeControl "180+1"]
[EndTime "8:28:24 PDT"]
[Termination "RuperezA won on time"]

1. e4 e6 2. d4 d5 3. Nc3 Bb4 4. e5 c5 5. a3 Bxc3+ 6. bxc3 Qa5 7. Bd2 Qa4 8. Qg4 Kf8 9. Qd1 Nc6 10. Nf3 b6 11. Bd3 Ba6 12. dxc5 bxc5 13. Be3 d4 14. cxd4 cxd4 15. Nxd4 Nxd4 16. Bxd4 Qxd4 17. Bxa6 Qxe5+ 18. Be2 Qc3+ 19. Kf1 Ke7 20. Rb1 Rc8 21. Rb7+ Rc7 22. Rxc7+ Qxc7 23. g3 Nf6 24. Kg2 Rd8 25. Qc1 Qc3 26.
Bf3 Rd2 27. Rd1 Rxc2 28. Qf4 Qc5 29. Bb7 g5 30. Qf3 Ng4 31. Kg1 Rxf2 32. Qc6 Rf1+ 33. Kg2 Qxc6+ 34. Bxc6 Rxd1 0-1